 Dungeon Crawl Stone Soup version 0.20.0-10-g0535bb4 (console) character file.

32 nreko the Stinger (level 3, -2/24 HPs)
             Began as a Demonspawn Venom Mage on June 6, 2017.
             Slain by a river rat (9 damage)
             ... in a sewer.
             The game lasted 00:01:29 (479 turns).

nreko the Stinger (Demonspawn Venom Mage)            Turns: 479, Time: 00:01:30

Health: -2/24      AC:  4    Str:  8    XL:     3   Next: 10%
Magic:  1/6        EV: 12    Int: 17    God:
Gold:   27         SH:  0    Dex: 10    Spells: 5/6 levels left

rFire    . . .     SeeInvis .   (no weapon)
rCold    . . .     Gourm    .   (no shield)
rNeg     . . .     Faith    .   a - +0 robe
rPois    .         Spirit   .   (no helmet)
rElec    .         Reflect  .   (no cloak)
rCorr    .         Harm     .   (no gloves)
MR       .....                  (no boots)
Stlth    +.........             (no amulet)
Regen    0.1/turn               e - -3 ring of dexterity (curse)
MPRegen  0.1/turn               (no ring)

@: very slightly contaminated, very slow
A: thin metallic scales 1, spiny 1
a: no special abilities


You were in a sewer.
You were not hungry.

You visited 1 branch of the dungeon, and saw 3 of its levels.
You also visited: Sewer.

You collected 27 gold pieces.

Inventory:

Armour
 a - a +0 robe (worn)
Jewellery
 e - a cursed -3 ring of dexterity (left hand)
Scrolls
 d - a scroll of remove curse {unknown}
 g - a scroll of identify {unknown}
 h - a scroll of recharging {unknown}
Books
 b - a Young Poisoner's Handbook

   Spells                             Type                      Level
   a - Sting                          Conjuration/Poison           1
   b - Poisonous Vapours              Poison/Air                   2
   c - Mephitic Cloud                 Conjuration/Poison/Air       3
   d - Olgreb's Toxic Radiance        Poison                       4
   e - Venom Bolt                     Conjuration/Poison           5
Comestibles
 c - a bread ration


   Skills:
 + Level 1.9 Dodging
 + Level 2.0 Stealth
 + Level 2.3 Spellcasting
 + Level 1.4 Conjurations
 + Level 3.5 Poison Magic


You had 5 spell levels left.
You knew the following spells:

 Your Spells              Type           Power        Failure   Level  Hunger
a - Sting                 Conj/Pois      ##..         7%          1    #......


Dungeon Overview and Level Annotations

Branches:
Dungeon (3/15)

Altars:


Innate Abilities, Weirdness & Mutations

You are partially covered in thin metallic scales. (AC +2)
You are partially covered in sharp spines.


Message History

The sting misses the rat.
The river rat is struck by your spines. The river rat closely misses you.
The river rat bites you.
* * * LOW HITPOINT WARNING * * *
It was a potion of heal wounds.
You feel much better. The river rat misses you.
The rat is struck by your spines.
You kill the rat!
The river rat barely misses you.
Casting: Sting
Confirm with . or Enter, or press ? or * to list all spells.
Aiming: Sting
Press: ? - help, Shift-Dir - straight line, f/p - rat
Aim: a rat (severely wounded)
The sting hits the river rat.
The river rat appears unharmed.
The river rat is moderately wounded.
The river rat is struck by your spines. The river rat bites you!
The river rat bites you. The river rat misses you. The river rat bites you.
* * * LOW HITPOINT WARNING * * *
The river rat bites you!
You die...

##.....
#......
#.≈≈≈.##
#≈≈≈≈≈≈#
#≈≈≈r≈≈#
#≈≈rr≈≈#
#≈≈≈≈≈≈#
#≈≈≈rr≈#
#≈≈≈@.≈#
#≈≈≈≈≈≈#
#≈.≈≈≈≈#
#≈≈≈#≈≈#
#≈≈#≈≈≈#
#≈≈≈≈≈≈#
#≈≈≈≈≈≈#
#≈≈≈≈≈≈#
#≈≈≈≈≈≈#


You could see 2 river rats and 3 rats.

Vanquished Creatures
  A gnoll (D:2)
  An adder (D:3)
  A giant cockroach (D:1)
  2 goblins (D:1)
  3 hobgoblins
  3 kobolds (D:1)
  3 rats
14 creatures vanquished.

Notes
Turn   | Place    | Note
-------+----------+-------------------------------------------
     0 | D:1      | nreko the Demonspawn Venom Mage began the quest for the Orb.
     0 | D:1      | Reached XP level 1. HP: 13/13 MP: 3/3
   148 | D:1      | Gained mutation: You are partially covered in sharp spines. [demonic ancestry]
   148 | D:1      | Reached XP level 2. HP: 14/19 MP: 0/5
   442 | D:3      | Gained mutation: You are partially covered in thin metallic scales. (AC +2) [demonic ancestry]
   442 | D:3      | Reached XP level 3. HP: 19/24 MP: 2/6
   447 | D:3      | Found a glowing drain.
   456 | Sewer    | Entered a sewer
   479 | Sewer    | Slain by a river rat

Skill      XL: |  1  2 |
---------------+-------+-----
Stealth        | 2 |  2.0
Dodging        | |  1.9
Spellcasting   | |  2.3
Conjurations   | |  1.4
Poison Magic   | |  3.5

Action                   || total
-------------------------++-------
Melee: Unarmed           ||    30
 Cast: Sting             ||    27
  Use: Potion            ||     3
Armor: Robe              ||     5
Dodge: Dodged            ||    39
